 Dungeon Crawl Stone Soup version 0.32-a0-931-g5a2cda0630 (webtiles) character file.

Game seed: 8390453278683567077

21 Biggs the Sneak (level 2, 0/15 HPs)
             Began as a Vine Stalker Brigand on Apr 14, 2024.
             Slain by an orc
             ... wielding a +0 club
              (2 damage)
             ... on level 3 of the Dungeon.
             The game lasted 00:02:35 (596 turns).

Biggs the Sneak (Vine Stalker Brigand)               Turns: 596, Time: 00:02:35

Health: 0/15       AC:  4    Str: 13    XL:     2   Next: 83%
Magic:  0/3        EV: 10    Int: 11    God:
Gold:   68         SH:  0    Dex: 15    Spells: 1/1 levels left

rFire   . . .        a - +2 dagger
rCold   . . .        (no shield)
rNeg    . . .        k - +0 leather armour
rPois   .            (no helmet)
rElec   .            c - +0 cloak
rCorr   +            (no gloves)
SInv    .            (no boots)
Will    .....        (no amulet)
Stlth   +++          i - ring of resist corrosion
HPRegen 1.02/turn    (no ring)
MPRegen 0.08/turn

%: guardian spirit
@: no status effects
A: fangs 2, regeneration 1, magic shield, antimagic bite, no potion heal 2
a: no special abilities


You were on level 3 of the Dungeon.
You visited 1 branch of the dungeon, and saw 3 of its levels.

You collected 68 gold pieces.

Inventory:

Hand Weapons
 a - a +2 dagger (weapon)
 h - a +0 rapier
Missiles
 d - 15 poisoned darts (quivered)
 e - 3 curare-tipped darts
Armour
 b - a +0 robe
 c - a +0 cloak (worn)
 k - a +0 leather armour (worn)
Jewellery
 i - a ring of resist corrosion (left hand)
Scrolls
 g - 2 scrolls of teleportation {unknown}
 j - a scroll of vulnerability {unknown}
 l - a scroll of identify {unknown}
Potions
 f - 4 potions of curing {unknown}


   Skills:
 - Level 1.7 Fighting
 + Level 3.0 Short Blades
 - Level 1.7 Throwing
 - Level 0.7 Dodging
 - Level 4.8 Stealth


You had one spell level left.
You didn't know any spells.
Your spell library contained the following spells:

 Spells                   Type           Power      Damage    Failure   Level
 Sting                    Conj/Alch      0%         1d3       41%         1
 Ensorcelled Hibernation  Hex/Ice        0%         N/A       56%         2
 Mercury Vapours          Alch/Air       0%         N/A       56%         2
 Fugue of the Fallen      Necr           0%         N/A       80%         3
 Anguish                  Hex/Necr       0%         N/A       99%         4
 Leda's Liquefaction      Alch/Erth      0%         N/A       99%         4
 Olgreb's Toxic Radiance  Alch           0%         N/A       99%         4
 Lee's Rapid Deconstruct  Erth           0%         3d4*      100%        5
 Permafrost Eruption      Ice/Erth       0%         2x4d1     100%        6


Dungeon Overview and Level Annotations

Branches:
Dungeon (3/15)

Altars:


Innate Abilities, Weirdness & Mutations

You have extremely sharp teeth.
Your natural rate of healing is unusually fast.
When hurt, damage is shared between your health and your magic reserves.
Your bite disrupts and absorbs the magic of your enemies.
Potions cannot restore your health.


Message History

Your bite misses the orc wizard.
You hit the orc wizard but do no damage.
You bite the orc wizard.
The orc wizard's magic leaks into the air.
You drain its magic.
The orc wizard is lightly wounded.
You hit the orc wizard.
The orc wizard is moderately wounded.
The orc wizard hits you with a +0 dagger.
You hit the orc wizard.
The orc wizard is heavily wounded.
The orc closely misses you.
The orc wizard hits you but does no damage.
The orc barely misses you.
You completely miss the orc wizard. Your bite misses the orc wizard.
The orc wizard is heavily wounded.
The orc hits you with a +0 short sword. The orc hits you with a +0 hand axe.
The orc wizard hits you with a +0 dagger.
You hit the orc wizard.
You bite the orc wizard, but do no damage.
The orc wizard is severely wounded.
The orc closely misses you.
The orc wizard falters for a moment.
The orc hits you but does no damage. The orc barely misses you.
You barely miss the orc wizard.
The orc wizard is severely wounded.
The orc wizard falters for a moment.
The orc closely misses you. The orc hits you but does no damage.
The orc hits you with a +0 short sword.
You hit the orc wizard. Your bite misses the orc wizard.
The orc wizard is severely wounded.
The orc wizard falters for a moment.
The orc barely misses you. The orc hits you with a +0 club.
The orc hits you with a +0 short sword.
You hit the orc wizard.
The orc wizard is severely wounded.
A rat comes into view.
The orc hits you with a +0 short sword.
The orc wizard hits you with a +0 dagger.
The orc hits you with a +0 hand axe.
* * * LOW HITPOINT WARNING * * *
The orc hits you with a +0 club.
You die...

##### ....# ##....#
###.# ..... #.## #...#
###..#### #...#
#...†...# #...#
#.......#####...######..
#.##†##.........oo.....#
#. #........$...@o.....#
#. #.##..........o....##
# ......#####...#######
#.##.##.# #...# #
......# #..(# ###.####
#...# ..# #...# ## #r..#


You could see an orc wizard (magic disrupted), 3 orcs and a rat (wandering).

Vanquished Creatures
  A dart slug (D:3)
  2 endoplasms (D:2)
  A giant cockroach (D:3)
  3 hobgoblins
  A quokka (D:1)
  A ball python (D:1)
  4 bats
  2 frilled lizards
  A kobold (D:1)
  2 rats (D:2)
18 creatures vanquished.

Notes
Turn   | Place    | Note
-------+----------+-------------------------------------------
     0 | D:1      | Biggs the Vine Stalker Brigand began the quest for the Orb.
     0 | D:1      | Reached XP level 1. HP: 11/11 MP: 2/2
   246 | D:2      | Reached XP level 2. HP: 15/15 MP: 3/3
   596 | D:3      | Slain by an orc

Illustrated notes

Levels and vault maps discovered:
D:1:      dpeg_arrival_central, layout_basic
D:2:      layout_rooms
D:3:      layout_loops_cross, gup_sewer_entry_pipe, basic_ecumenical_altar,
          uniq_crazy_yiuf_cottage, uniq_grinder, uniq_jessica, uniq_robin

Skill      XL: |  1  2 |
---------------+-------+-----
Short Blades   | 2 3 |  3.0
Fighting       | |  1.7
Throwing       | |  1.7
Dodging        | |  0.7
Stealth        | |  4.8

Action                     || total
---------------------------++-------
  Melee: Dagger            ||    57
         Bite              ||    10
   Stab: Sleeping          ||     2
 Armour: Robe              ||    17
         Leather armour    ||    26
  Dodge: Dodged            ||    31

Table legend: (Time is in decaauts)
 A = Elapsed time spent in this place.
 B = Non-inter-level travel time spent in this place.
 C = Inter-level travel time spent in this place.
 D = Time resting spent in this place.
 E = Time spent auto-exploring this place.
 F = Levels seen in this place.
 G = Mean time per level.
                   A        B        C        D        E       F      G
               +--------+--------+--------+--------+--------+-----+--------+
         Total |    588 |    588 |      0 |      0 |      0 |   3 |  196.0 |
       Dungeon |    588 |    588 |      0 |      0 |      0 |   3 |  196.0 |
               +--------+--------+--------+--------+--------+-----+--------+

Top non-repeatable levels by time:
     D:2: 341 daAuts
     D:1: 202 daAuts
     D:3: 45 daAuts
